[ AOE2 MATCH · #479184461 ]
Team RMBurgundians vs Persians
[ REPLAY ANALYSIS · EXTRACTED FROM THE RECORDED GAME ]
Feudal
17:17
Castle
25:02
Imperial
36:11
| APM avg | 18.8 |
| APM peak | 36 |
| eAPM avg | 12.4 |
| Villagers / military | 118 / 75 |
Focus
⚔️ 30.0% · 🌾 70.0%
Knight ×69 · Fishing Ship ×27 · Trebuchet (Packed) ×5 · Monk ×1
Feudal
16:59
Castle
26:00
Imperial
40:21
| APM avg | 21.7 |
| APM peak | 54 |
| eAPM avg | 7.2 |
| Villagers / military | 97 / 24 |
Focus
⚔️ 23.7% · 🌾 76.3%
Knight ×24
Feudal
14:40
Castle
27:28
Imperial
—
| APM avg | 8.7 |
| APM peak | 25 |
| eAPM avg | 7.2 |
| Villagers / military | 71 / 40 |
Focus
⚔️ 18.7% · 🌾 81.3%
Knight ×22 · Coustillier ×18
Feudal
16:46
Castle
23:17
Imperial
38:13
| APM avg | 19.5 |
| APM peak | 59 |
| eAPM avg | 8.8 |
| Villagers / military | 69 / 21 |
Focus
⚔️ 20.3% · 🌾 79.7%
War Elephant ×18 · Fishing Ship ×17 · Trebuchet (Packed) ×3
Match map
Resources at game start + every placement click. Thick line = wall · dashed box = detected house wall. 🟡 gold · ⚪ stone · 🟢 berries · 🔶 boar · ⭕ relic
Inputs per minute
— Wollof_08 / German Mum - - aszsgs
Build order — Wollof_08 / German Mum
First 150 of 340 actions detected
| 0:57 | Build | Town Center |
| 2:59 | Research | Wheelbarrow |
| 2:59 | Research | Wheelbarrow |
| 3:01 | Create | Villager (Male) |
| 3:01 | Create | Villager (Male) |
| 3:44 | Create | Villager (Male) |
| 4:00 | Build | House |
| 4:02 | Build | House |
| 4:30 | Build | House |
| 4:35 | Build | House |
| 4:39 | Create | Villager (Male) |
| 4:39 | Create | Villager (Male) |
| 5:25 | Create | Villager (Male) |
| 5:25 | Create | Villager (Male) |
| 5:25 | Create | Villager (Male) |
| 6:01 | Create | Villager (Male) |
| 6:02 | Create | Villager (Male) |
| 6:30 | Create | Villager (Male) |
| 6:30 | Create | Villager (Male) |
| 6:56 | Create | Villager (Male) |
| 6:56 | Create | Villager (Male) |
| 7:23 | Create | Villager (Male) |
| 7:23 | Create | Villager (Male) |
| 7:53 | Create | Villager (Male) |
| 7:54 | Create | Villager (Male) |
| 7:54 | Create | Villager (Male) |
| 8:08 | Research | Loom |
| 8:09 | Create | Villager (Male) |
| 8:09 | Create | Villager (Male) |
| 8:32 | Create | Villager (Male) |
| 8:32 | Create | Villager (Male) |
| 9:01 | Create | Villager (Male) |
| 9:01 | Create | Villager (Male) |
| 9:36 | Create | Villager (Male) |
| 9:53 | Create | Villager (Male) |
| 9:53 | Create | Villager (Male) |
| 10:06 | Build | Lumber Camp |
| 10:30 | Create | Villager (Male) |
| 10:56 | Research | Double-Bit Axe |
| 10:56 | Research | Double-Bit Axe |
| 11:12 | Create | Villager (Male) |
| 11:12 | Create | Villager (Male) |
| 11:12 | Create | Villager (Male) |
| 12:28 | Build | House |
| 12:42 | Create | Villager (Male) |
| 13:20 | Build | House |
| 13:24 | Build | House |
| 13:29 | Create | Villager (Male) |
| 13:49 | Build | Mill |
| 13:55 | Build | House |
| 13:56 | Build | House |
| 13:58 | Build | House |
| 14:02 | Create | Villager (Male) |
| 14:02 | Create | Villager (Male) |
| 15:07 | Research | Feudal Age |
| 15:08 | Research | Feudal Age |
| 15:55 | Build | Barracks |
| 15:56 | Build | House |
| 16:11 | Create | Villager (Male) |
| 16:11 | Create | Villager (Male) |
| 16:36 | Build | Dock |
| 16:56 | Build | Dock |
| 17:11 | Build | House |
| 17:17 | Age | Feudal Age |
| 17:18 | Research | Tech 906 |
| 17:25 | Create | Fishing Ship |
| 17:25 | Create | Fishing Ship |
| 17:26 | Create | Fishing Ship |
| 17:32 | Create | Villager (Male) |
| 17:38 | Create | Fishing Ship |
| 17:38 | Create | Fishing Ship |
| 17:38 | Create | Fishing Ship |
| 17:46 | Research | Gillnets |
| 17:47 | Create | Fishing Ship |
| 17:48 | Create | Fishing Ship |
| 17:55 | Build | House |
| 18:03 | Build | Stone Wall |
| 18:15 | Create | Villager (Male) |
| 18:17 | Create | Villager (Male) |
| 18:17 | Create | Villager (Male) |
| 18:26 | Build | Dock |
| 18:31 | Create | Fishing Ship |
| 18:43 | Create | Villager (Male) |
| 18:43 | Create | Villager (Male) |
| 18:59 | Build | Market |
| 19:05 | Build | Blacksmith |
| 19:09 | Create | Fishing Ship |
| 19:10 | Create | Fishing Ship |
| 19:10 | Create | Fishing Ship |
| 19:30 | Build | House |
| 19:31 | Build | House |
| 19:33 | Build | House |
| 19:34 | Build | House |
| 19:35 | Build | House |
| 19:40 | Create | Villager (Male) |
| 19:46 | Create | Fishing Ship |
| 20:00 | Research | Bow Saw |
| 20:30 | Create | Villager (Male) |
| 20:35 | Create | Fishing Ship |
| 20:43 | Create | Villager (Male) |
| 21:01 | Create | Villager (Male) |
| 21:12 | Build | Stable |
| 21:25 | Create | Fishing Ship |
| 21:28 | Create | Fishing Ship |
| 21:50 | Create | Fishing Ship |
| 21:50 | Create | Fishing Ship |
| 21:56 | Create | Fishing Ship |
| 22:22 | Research | Castle Age |
| 22:35 | Build | Stable |
| 22:52 | Create | Villager (Male) |
| 22:53 | Create | Villager (Male) |
| 22:53 | Create | Villager (Male) |
| 23:04 | Create | Fishing Ship |
| 23:05 | Create | Fishing Ship |
| 23:10 | Create | Fishing Ship |
| 24:13 | Build | Mining Camp |
| 24:18 | Research | Scale Barding Armor |
| 24:19 | Research | Forging |
| 24:20 | Research | Fletching |
| 25:02 | Age | Castle Age |
| 25:58 | Research | Chain Barding Armor |
| 25:59 | Research | Iron Casting |
| 26:02 | Research | Hand Cart |
| 26:03 | Create | Villager (Male) |
| 26:03 | Create | Villager (Male) |
| 26:03 | Create | Villager (Male) |
| 26:07 | Research | Cavalier (upgrade) |
| 26:09 | Research | Husbandry |
| 26:10 | Create | Knight |
| 26:10 | Create | Knight |
| 26:10 | Create | Knight |
| 26:10 | Create | Knight |
| 26:11 | Create | Knight |
| 26:11 | Create | Knight |
| 26:11 | Create | Knight |
| 26:12 | Create | Knight |
| 26:21 | Build | Town Center |
| 26:30 | Build | Monastery |
| 26:58 | Build | Town Center |
| 27:03 | Create | Monk |
| 27:10 | Create | Villager (Male) |
| 27:29 | Create | Villager (Male) |
| 27:34 | Research | Fervor |
| 27:40 | Create | Knight |
| 27:40 | Create | Knight |
| 27:43 | Create | Villager (Male) |
| 27:43 | Create | Villager (Male) |
| 27:44 | Create | Villager (Male) |
| 27:44 | Create | Villager (Male) |
| 27:44 | Create | Villager (Male) |
Build order — aszsgs
First 150 of 227 actions detected
| 0:13 | Build | Town Center |
| 2:31 | Create | Villager (Male) |
| 2:32 | Create | Villager (Male) |
| 2:32 | Create | Villager (Male) |
| 2:32 | Create | Villager (Male) |
| 3:21 | Research | Loom |
| 4:03 | Build | Lumber Camp |
| 4:04 | Create | Villager (Male) |
| 4:05 | Create | Villager (Male) |
| 4:05 | Create | Villager (Male) |
| 4:38 | Create | Villager (Male) |
| 4:38 | Create | Villager (Male) |
| 5:11 | Create | Villager (Male) |
| 5:11 | Create | Villager (Male) |
| 6:00 | Create | Villager (Male) |
| 6:01 | Create | Villager (Male) |
| 6:26 | Create | Villager (Male) |
| 6:26 | Create | Villager (Male) |
| 7:39 | Create | Villager (Male) |
| 7:39 | Create | Villager (Male) |
| 8:08 | Create | Villager (Male) |
| 8:08 | Create | Villager (Male) |
| 8:33 | Create | Villager (Male) |
| 8:33 | Create | Villager (Male) |
| 9:47 | Build | Mill |
| 9:58 | Create | Villager (Male) |
| 9:58 | Create | Villager (Male) |
| 10:36 | Create | Villager (Male) |
| 10:37 | Create | Villager (Male) |
| 11:45 | Create | Villager (Male) |
| 11:45 | Create | Villager (Male) |
| 11:59 | Create | Villager (Male) |
| 12:00 | Create | Villager (Male) |
| 13:14 | Create | Villager (Male) |
| 13:14 | Create | Villager (Male) |
| 14:11 | Create | Villager (Male) |
| 14:49 | Research | Feudal Age |
| 16:48 | Create | Villager (Male) |
| 16:48 | Create | Villager (Male) |
| 16:59 | Age | Feudal Age |
| 17:15 | Research | Double-Bit Axe |
| 17:25 | Build | Mining Camp |
| 17:44 | Research | Wheelbarrow |
| 18:11 | Create | Villager (Male) |
| 18:11 | Create | Villager (Male) |
| 18:54 | Research | Horse Collar |
| 19:37 | Build | Barracks |
| 19:59 | Create | Villager (Male) |
| 20:00 | Create | Villager (Male) |
| 20:20 | Build | Mining Camp |
| 20:34 | Build | Stone Wall |
| 20:47 | Build | Stable |
| 21:04 | Create | Villager (Male) |
| 21:04 | Create | Villager (Male) |
| 21:10 | Build | Farm |
| 21:10 | Build | Farm |
| 21:11 | Build | Farm |
| 21:11 | Build | Farm |
| 21:11 | Build | Farm |
| 21:11 | Build | Farm |
| 21:12 | Build | Farm |
| 21:12 | Build | Farm |
| 21:12 | Build | Farm |
| 21:12 | Build | Farm |
| 21:13 | Build | Farm |
| 21:49 | Build | Blacksmith |
| 21:55 | Create | Villager (Male) |
| 21:56 | Create | Villager (Male) |
| 22:55 | Build | Stone Wall |
| 23:20 | Research | Castle Age |
| 23:36 | Build | Stable |
| 24:02 | Build | Farm |
| 24:02 | Build | Farm |
| 24:03 | Build | Farm |
| 24:03 | Build | Farm |
| 24:04 | Build | Farm |
| 24:05 | Build | Farm |
| 24:43 | Build | Stone Wall |
| 25:03 | Build | Stone Wall |
| 25:17 | Build | Stone Wall |
| 25:32 | Build | Building 487 |
| 25:37 | Create | Villager (Male) |
| 25:37 | Create | Villager (Male) |
| 25:55 | Build | Stone Wall |
| 26:00 | Age | Castle Age |
| 26:03 | Build | Building 487 |
| 26:12 | Research | Bloodlines |
| 26:14 | Research | Husbandry |
| 26:37 | Build | Town Center |
| 26:53 | Create | Knight |
| 26:53 | Create | Knight |
| 26:53 | Create | Knight |
| 26:54 | Create | Knight |
| 26:54 | Create | Knight |
| 27:01 | Research | Scale Barding Armor |
| 27:03 | Research | Forging |
| 27:40 | Build | Stone Wall |
| 28:48 | Create | Villager (Male) |
| 28:48 | Create | Villager (Male) |
| 28:49 | Create | Villager (Male) |
| 28:49 | Create | Villager (Male) |
| 28:49 | Create | Villager (Male) |
| 28:50 | Create | Villager (Male) |
| 29:14 | Build | Town Center |
| 29:21 | Create | Villager (Male) |
| 29:22 | Create | Villager (Male) |
| 29:22 | Create | Villager (Male) |
| 29:23 | Create | Villager (Male) |
| 29:46 | Create | Villager (Male) |
| 29:46 | Create | Villager (Male) |
| 29:47 | Create | Villager (Male) |
| 29:47 | Create | Villager (Male) |
| 31:04 | Build | Town Center |
| 31:20 | Create | Villager (Male) |
| 31:21 | Create | Villager (Male) |
| 31:21 | Create | Villager (Male) |
| 31:21 | Create | Villager (Male) |
| 31:21 | Create | Villager (Male) |
| 31:22 | Create | Villager (Male) |
| 31:22 | Create | Villager (Male) |
| 31:39 | Create | Villager (Male) |
| 31:39 | Create | Villager (Male) |
| 31:39 | Create | Villager (Male) |
| 31:58 | Create | Villager (Male) |
| 31:58 | Create | Villager (Male) |
| 31:58 | Create | Villager (Male) |
| 31:58 | Create | Villager (Male) |
| 31:59 | Create | Villager (Male) |
| 32:15 | Create | Villager (Male) |
| 32:16 | Create | Villager (Male) |
| 32:16 | Create | Villager (Male) |
| 32:16 | Create | Villager (Male) |
| 32:16 | Create | Villager (Male) |
| 32:17 | Create | Villager (Male) |
| 32:24 | Build | Farm |
| 32:24 | Build | Farm |
| 32:25 | Build | Farm |
| 32:25 | Build | Farm |
| 32:25 | Build | Farm |
| 32:26 | Build | Farm |
| 32:26 | Build | Farm |
| 32:45 | Build | Farm |
| 32:54 | Research | Gold Mining |
| 32:54 | Research | Stone Mining |
| 33:21 | Build | Lumber Camp |
| 33:25 | Research | Bow Saw |
| 33:44 | Build | Farm |
| 33:44 | Build | Farm |
| 33:44 | Build | Farm |
| 33:45 | Build | Farm |
Build order — МегаТюлень!!!
First 150 of 203 actions detected
| 0:10 | Build | Town Center |
| 0:22 | Build | House |
| 0:33 | Build | House |
| 2:53 | Create | Villager (Male) |
| 2:54 | Create | Villager (Male) |
| 2:54 | Create | Villager (Male) |
| 2:54 | Create | Villager (Male) |
| 2:54 | Create | Villager (Male) |
| 4:12 | Create | Villager (Male) |
| 4:59 | Create | Villager (Male) |
| 4:59 | Create | Villager (Male) |
| 5:55 | Create | Villager (Male) |
| 5:55 | Create | Villager (Male) |
| 6:53 | Create | Villager (Male) |
| 6:53 | Create | Villager (Male) |
| 7:27 | Build | Mill |
| 7:42 | Create | Villager (Male) |
| 7:43 | Create | Villager (Male) |
| 8:25 | Research | Wheelbarrow |
| 8:36 | Build | House |
| 8:37 | Build | House |
| 8:48 | Build | House |
| 9:48 | Create | Villager (Male) |
| 9:48 | Create | Villager (Male) |
| 10:17 | Build | House |
| 10:28 | Create | Villager (Male) |
| 10:57 | Create | Villager (Male) |
| 11:13 | Build | Lumber Camp |
| 12:30 | Research | Feudal Age |
| 14:07 | Create | Villager (Male) |
| 14:40 | Age | Feudal Age |
| 14:44 | Research | Double-Bit Axe |
| 14:49 | Research | Horse Collar |
| 14:56 | Create | Villager (Male) |
| 15:11 | Build | Mining Camp |
| 15:14 | Research | Bow Saw |
| 16:03 | Research | Heavy Plow |
| 16:15 | Research | Hand Cart |
| 16:34 | Research | Gold Mining |
| 17:05 | Build | Farm |
| 17:06 | Build | Farm |
| 17:07 | Build | Farm |
| 17:08 | Build | Farm |
| 17:12 | Build | Farm |
| 17:13 | Build | Farm |
| 17:13 | Build | Farm |
| 17:14 | Build | Farm |
| 17:16 | Build | Farm |
| 17:24 | Research | Loom |
| 17:25 | Create | Villager (Male) |
| 17:25 | Create | Villager (Male) |
| 18:08 | Build | Lumber Camp |
| 18:12 | Create | Villager (Male) |
| 18:35 | Build | Farm |
| 18:55 | Create | Villager (Male) |
| 19:12 | Create | Villager (Male) |
| 19:40 | Build | Blacksmith |
| 19:47 | Build | Market |
| 19:55 | Build | Mining Camp |
| 20:04 | Create | Villager (Male) |
| 20:05 | Create | Villager (Male) |
| 20:16 | Research | Stone Mining |
| 20:27 | Research | Gold Shaft Mining |
| 20:37 | Research | Gold Shaft Mining |
| 20:45 | Create | Villager (Male) |
| 21:08 | Build | Barracks |
| 21:33 | Build | Stone Wall |
| 21:46 | Create | Villager (Male) |
| 21:46 | Create | Villager (Male) |
| 22:16 | Build | Farm |
| 22:27 | Research | Stone Shaft Mining |
| 22:31 | Create | Villager (Male) |
| 22:41 | Build | Farm |
| 22:46 | Create | Villager (Male) |
| 23:09 | Build | House |
| 23:10 | Build | House |
| 23:11 | Build | House |
| 23:22 | Build | House |
| 23:24 | Build | House |
| 23:27 | Build | House |
| 23:30 | Build | Farm |
| 23:36 | Build | Mill |
| 23:39 | Build | Farm |
| 24:48 | Research | Castle Age |
| 25:43 | Create | Villager (Male) |
| 25:44 | Create | Villager (Male) |
| 26:02 | Build | House |
| 26:14 | Build | Stone Wall |
| 26:52 | Build | Stable |
| 26:53 | Build | Stable |
| 26:55 | Build | Stable |
| 27:13 | Create | Villager (Male) |
| 27:28 | Age | Castle Age |
| 27:33 | Build | Town Center |
| 27:45 | Research | Two-Man Saw |
| 27:47 | Research | Crop Rotation |
| 27:57 | Create | Villager (Male) |
| 29:03 | Create | Villager (Male) |
| 29:07 | Research | Cavalier (upgrade) |
| 29:10 | Research | Husbandry |
| 29:27 | Build | Castle |
| 29:37 | Create | Villager (Male) |
| 29:37 | Create | Villager (Male) |
| 29:39 | Create | Villager (Male) |
| 29:39 | Create | Villager (Male) |
| 29:40 | Create | Villager (Male) |
| 29:42 | Create | Villager (Male) |
| 30:26 | Create | Villager (Male) |
| 30:27 | Create | Villager (Male) |
| 30:28 | Create | Villager (Male) |
| 30:29 | Create | Villager (Male) |
| 30:37 | Create | Knight ×5 |
| 31:07 | Create | Villager (Male) |
| 31:15 | Create | Knight ×5 |
| 31:35 | Create | Villager (Male) |
| 31:36 | Create | Villager (Male) |
| 31:37 | Create | Villager (Male) |
| 31:45 | Build | Farm |
| 31:56 | Create | Knight ×3 |
| 32:23 | Build | House |
| 32:24 | Build | House |
| 32:28 | Create | Villager (Male) |
| 32:28 | Create | Villager (Male) |
| 32:33 | Research | Town Watch |
| 32:47 | Research | Scale Barding Armor |
| 32:48 | Research | Forging |
| 32:54 | Build | Farm |
| 32:57 | Create | Villager (Male) |
| 33:09 | Create | Villager (Male) |
| 33:32 | Build | House |
| 33:33 | Build | House |
| 33:34 | Build | House |
| 33:35 | Build | House |
| 33:40 | Build | Farm |
| 33:44 | Build | Lumber Camp |
| 33:46 | Create | Villager (Male) |
| 33:47 | Create | Villager (Male) |
| 33:48 | Create | Villager (Male) |
| 34:03 | Create | Knight ×4 |
| 34:23 | Build | Stone Wall |
| 34:27 | Create | Coustillier |
| 34:27 | Create | Coustillier |
| 34:28 | Create | Coustillier |
| 34:41 | Build | Mill |
| 34:44 | Build | Farm |
| 34:47 | Build | Farm |
| 34:50 | Create | Villager (Male) |
| 34:52 | Create | Villager (Male) |
| 34:52 | Create | Villager (Male) |
| 35:21 | Build | Farm |
Build order — Po
First 150 of 210 actions detected
| 0:20 | Build | House |
| 0:25 | Build | House |
| 1:56 | Build | Town Center |
| 4:27 | Create | Villager (Male) |
| 4:27 | Create | Villager (Male) |
| 4:28 | Create | Villager (Male) |
| 4:46 | Create | Villager (Male) |
| 4:47 | Create | Villager (Male) |
| 6:14 | Create | Villager (Male) |
| 6:15 | Create | Villager (Male) |
| 7:34 | Build | Dock |
| 7:37 | Create | Villager (Male) |
| 7:38 | Create | Villager (Male) |
| 8:34 | Create | Fishing Ship |
| 8:40 | Create | Villager (Male) |
| 8:40 | Create | Villager (Male) |
| 8:41 | Create | Villager (Male) |
| 8:56 | Build | House |
| 8:57 | Build | House |
| 9:06 | Create | Villager (Male) |
| 9:07 | Create | Villager (Male) |
| 10:21 | Create | Villager (Male) |
| 10:23 | Create | Villager (Male) |
| 10:25 | Create | Villager (Male) |
| 10:30 | Create | Fishing Ship |
| 11:35 | Create | Fishing Ship |
| 11:47 | Build | House |
| 12:20 | Create | Villager (Male) |
| 12:20 | Create | Villager (Male) |
| 12:21 | Create | Villager (Male) |
| 12:33 | Build | House |
| 12:42 | Build | House |
| 12:47 | Build | House |
| 12:53 | Create | Fishing Ship |
| 12:54 | Create | Fishing Ship |
| 13:37 | Build | Mill |
| 13:54 | Create | Villager (Male) |
| 13:54 | Create | Villager (Male) |
| 14:35 | Research | Feudal Age |
| 14:44 | Build | Lumber Camp |
| 15:02 | Build | House |
| 15:11 | Build | House |
| 15:13 | Build | House |
| 15:18 | Build | House |
| 16:07 | Create | Fishing Ship |
| 16:07 | Create | Fishing Ship |
| 16:32 | Create | Fishing Ship |
| 16:46 | Age | Feudal Age |
| 17:04 | Research | Wheelbarrow |
| 17:45 | Build | Blacksmith |
| 17:54 | Build | House |
| 18:35 | Create | Villager (Male) |
| 18:36 | Create | Villager (Male) |
| 18:36 | Create | Villager (Male) |
| 18:37 | Create | Villager (Male) |
| 18:37 | Create | Villager (Male) |
| 18:38 | Create | Villager (Male) |
| 18:58 | Build | Market |
| 19:09 | Build | Stone Wall |
| 19:24 | Build | Mining Camp |
| 20:20 | Build | Stone Wall |
| 20:28 | Research | Castle Age |
| 20:35 | Create | Fishing Ship |
| 20:35 | Create | Fishing Ship |
| 22:25 | Build | Stone Wall |
| 22:41 | Build | Stone Wall |
| 22:47 | Build | Building 490 |
| 23:17 | Age | Castle Age |
| 23:22 | Research | Tech 906 |
| 23:28 | Research | Hand Cart |
| 23:56 | Build | Town Center |
| 24:02 | Create | Villager (Male) |
| 24:02 | Create | Villager (Male) |
| 24:02 | Create | Villager (Male) |
| 24:03 | Create | Villager (Male) |
| 24:03 | Create | Villager (Male) |
| 24:03 | Create | Villager (Male) |
| 24:03 | Create | Villager (Male) |
| 24:03 | Create | Villager (Male) |
| 24:25 | Build | Stone Wall |
| 24:52 | Research | Gillnets |
| 25:24 | Create | Villager (Male) |
| 25:24 | Create | Villager (Male) |
| 25:24 | Create | Villager (Male) |
| 25:24 | Create | Villager (Male) |
| 25:25 | Create | Villager (Male) |
| 25:25 | Create | Villager (Male) |
| 25:25 | Create | Villager (Male) |
| 25:25 | Create | Villager (Male) |
| 25:36 | Build | Stone Wall |
| 26:21 | Build | Stone Wall |
| 26:46 | Build | Castle |
| 27:18 | Build | Town Center |
| 27:26 | Create | Fishing Ship |
| 27:26 | Create | Fishing Ship |
| 27:26 | Create | Fishing Ship |
| 27:27 | Create | Fishing Ship |
| 27:34 | Create | Villager (Male) |
| 27:34 | Create | Villager (Male) |
| 27:34 | Create | Villager (Male) |
| 27:35 | Create | Villager (Male) |
| 27:35 | Create | Villager (Male) |
| 27:35 | Create | Villager (Male) |
| 27:55 | Create | Villager (Male) |
| 27:55 | Create | Villager (Male) |
| 27:55 | Create | Villager (Male) |
| 27:55 | Create | Villager (Male) |
| 28:23 | Build | Stone Wall |
| 28:47 | Build | Farm |
| 28:48 | Build | Farm |
| 28:50 | Build | Farm |
| 28:52 | Build | Farm |
| 29:02 | Build | House |
| 29:03 | Build | House |
| 29:04 | Build | House |
| 29:15 | Build | House |
| 29:16 | Build | House |
| 29:17 | Build | House |
| 29:20 | Build | House |
| 29:22 | Build | House |
| 29:43 | Create | Villager (Male) |
| 29:43 | Create | Villager (Male) |
| 29:44 | Create | Villager (Male) |
| 29:44 | Create | Villager (Male) |
| 29:59 | Build | Barracks |
| 30:18 | Create | Villager (Male) |
| 30:19 | Create | Villager (Male) |
| 30:22 | Research | Horse Collar |
| 30:38 | Build | Lumber Camp |
| 30:44 | Research | Double-Bit Axe |
| 31:15 | Build | Archery Range |
| 31:21 | Create | Villager (Male) |
| 31:21 | Create | Villager (Male) |
| 31:21 | Create | Villager (Male) |
| 31:41 | Create | Fishing Ship |
| 31:42 | Create | Fishing Ship |
| 31:42 | Create | Fishing Ship |
| 31:49 | Build | House |
| 31:50 | Build | House |
| 31:53 | Build | House |
| 31:54 | Build | House |
| 31:55 | Build | House |
| 32:01 | Build | Farm |
| 32:04 | Research | Heavy Plow |
| 32:13 | Create | Villager (Male) |
| 32:14 | Create | Villager (Male) |
| 32:16 | Create | Villager (Male) |
| 32:17 | Create | Villager (Male) |
| 32:17 | Create | Villager (Male) |
| 32:17 | Create | Villager (Male) |
Match timeline
| 7:34 | Po · first_building Dock |
| 14:40 | МегаТюлень!!! · age_up feudal |
| 15:55 | Wollof_08 / German Mum · first_building Barracks |
| 16:36 | Wollof_08 / German Mum · first_building Dock |
| 16:46 | Po · age_up feudal |
| 16:59 | aszsgs · age_up feudal |
| 17:17 | Wollof_08 / German Mum · age_up feudal |
| 18:03 | Wollof_08 / German Mum · wall_segment Stone Wall x6 |
| 19:09 | Po · wall_segment Stone Wall x8 |
| 19:37 | aszsgs · first_building Barracks |
| 20:20 | Po · wall_segment Stone Wall x12 |
| 20:34 | aszsgs · wall_segment Stone Wall x14 |
| 20:47 | aszsgs · first_building Stable |
| 21:08 | МегаТюлень!!! · first_building Barracks |
| 21:12 | Wollof_08 / German Mum · first_building Stable |
| 21:33 | МегаТюлень!!! · wall_segment Stone Wall x6 |
| 22:25 | Po · wall_segment Stone Wall x7 |
| 22:41 | Po · wall_segment Stone Wall x9 |
| 22:55 | aszsgs · wall_segment Stone Wall x10 |
| 23:17 | Po · age_up castle |
| 24:25 | Po · wall_segment Stone Wall x8 |
| 24:43 | aszsgs · wall_segment Stone Wall x12 |
| 25:02 | Wollof_08 / German Mum · age_up castle |
| 25:03 | aszsgs · wall_segment Stone Wall x11 |
| 25:17 | aszsgs · wall_segment Stone Wall x13 |
| 25:36 | Po · wall_segment Stone Wall x10 |
| 25:55 | aszsgs · wall_segment Stone Wall x14 |
| 26:00 | aszsgs · age_up castle |
| 26:14 | МегаТюлень!!! · wall_segment Stone Wall x3 |
| 26:21 | Po · wall_segment Stone Wall x9 |
| 26:30 | Wollof_08 / German Mum · first_building Monastery |
| 26:33 | Po · first_market_buy 100 stone |
| 26:46 | Po · first_building Castle |
| 26:52 | МегаТюлень!!! · first_building Stable |
| 27:28 | МегаТюлень!!! · age_up castle |
| 27:40 | aszsgs · wall_segment Stone Wall x1 |
| 28:23 | Po · wall_segment Stone Wall x3 |
| 29:27 | МегаТюлень!!! · first_building Castle |
| 29:59 | Po · first_building Barracks |
| 31:15 | Po · first_building Archery Range |
| 31:22 | Wollof_08 / German Mum · first_building Castle |
| 32:47 | Wollof_08 / German Mum · first_market_buy 100 food |
| 34:15 | aszsgs · wall_segment Stone Wall x9 |
| 34:23 | МегаТюлень!!! · wall_segment Stone Wall x30 |
| 36:11 | Wollof_08 / German Mum · age_up imperial |
| 36:15 | aszsgs · first_building Castle |
| 37:27 | Po · wall_segment Stone Wall x4 |
| 37:39 | Po · wall_segment Stone Wall x21 |
| 38:13 | Po · age_up imperial |
| 38:27 | МегаТюлень!!! · first_building Monastery |
| 39:41 | aszsgs · first_building Archery Range |
| 40:21 | aszsgs · age_up imperial |
| 40:28 | МегаТюлень!!! · wall_segment Stone Wall x16 |
| 43:26 | Po · wall_segment Stone Wall x3 |
| 44:06 | МегаТюлень!!! · resign |
[ AI ANALYSIS · 1 CREDIT ]
What really happened in this match?
Wolo.gg analyzes every decision: build order, eco, micro, common mistakes by bracket. Personalized analysis on WhatsApp or Discord in 30 seconds.
Civ guide
Burgundians
Map guide
Nomad
Perfil
Wollof_08 / German Mum